 Dungeon Crawl Stone Soup version 0.27-a0-124-g19cb506db8 (webtiles) character file.

Game seed: 9205793324720635358

3695 lunkers the Fighter (level 10, -7/97 HPs)
             Began as a Hill Orc Hunter on Jan 25, 2021.
             Was a Follower of Okawaru.
             Mangled by a faun (12 damage)
             ... on level 7 of the Dungeon on Jan 26, 2021.
             The game lasted 00:24:38 (10252 turns).

lunkers the Fighter (Hill Orc Hunter)              Turns: 10252, Time: 00:24:39

Health: -7/97      AC: 11    Str: 19    XL:     10   Next: 13%
Magic:  9/10       EV: 15    Int: 11    God:    Okawaru [*.....]
Gold:   621        SH:  0    Dex: 11    Spells: 9/9 levels left

rFire    + . .     SeeInvis .   b - +1 hunting sling
rCold    + . .     Faith    .   (no shield)
rNeg     . . .     Spirit   .   B - +0 chain mail
rPois    .         Reflect  .   D - +1 helmet
rElec    .         Harm     .   l - scarf {rC+ rF+}
rCorr    .         Rampage  .   E - +0 pair of gloves
Will     .....                  (no boots)
Stlth    ..........             (no amulet)
HPRegen  0.26/turn              n - +4 ring of evasion
MPRegen  0.12/turn              y - +4 ring of evasion

@: slowed, very slow
A: no striking features
a: Renounce Religion, Heroism


You were on level 7 of the Dungeon.
You worshipped Okawaru.
Okawaru was aware of your devotion.
You visited 2 branches of the dungeon, and saw 9 of its levels.

You collected 621 gold pieces.

Inventory:

Hand Weapons
 b - a +1 hunting sling (weapon)
 j - a +0 dagger of speed
Missiles
 a - 15 sling bullets
 c - 6 javelins
 d - 4 throwing nets
 o - 20 poisoned darts
 p - 124 stones (quivered ammo)
 L - 2 curare-tipped darts
Armour
 l - a scarf of resistance (worn)
 m - a +0 cloak
 B - a +0 chain mail (worn)
 D - a +1 helmet (worn)
 E - a +0 pair of gloves (worn)
Jewellery
 g - a +6 ring of strength
 n - a +4 ring of evasion (left hand)
 y - a +4 ring of evasion (right hand)
 I - an uncursed amulet of faith
 J - an uncursed ring of poison resistance {unknown}
Wands
 u - a wand of polymorph (12)
 A - a wand of random effects (5)
 G - a wand of enslavement (18)
 H - a wand of digging (6)
 M - a wand of acid (9)
Scrolls
 e - 5 scrolls of remove curse
 f - 4 scrolls of magic mapping
 h - a scroll of summoning {unknown}
 q - a scroll of teleportation
 t - 2 scrolls of enchant armour
 v - 2 scrolls of amnesia
 w - a scroll of vulnerability {unknown}
 F - a scroll of fog {unknown}
 N - a scroll of identify
 O - a scroll of fear {unknown}
Potions
 i - 2 potions of flight
 k - 3 potions of lignification
 r - 5 potions of might
 s - 2 potions of berserk rage {unknown}
 x - 2 potions of curing
 z - 4 potions of heal wounds {unknown}
 C - 4 potions of attraction {unknown}
 K - 2 potions of mutation {unknown}


   Skills:
 + Level 12.0 Fighting
 + Level 10.0 Throwing
 - Level 1.5 Dodging
 - Level 0.7 Stealth
 + Level 0.0 Invocations
 + Level 0.0 Evocations


You had 9 spell levels left.
You didn't know any spells.
Your spell library was empty.

Dungeon Overview and Level Annotations

Branches:
Dungeon (8/15)             Temple (1/1) D:7
   Lair: D:8-11

Altars:
Elyvilon
Fedhas
Gozag
Hepliaklqana
Kikubaaqudgha
Makhleb
Nemelex Xobeh
Okawaru
Qazlal
Ru
Sif Muna
Trog
Uskayaw
Vehumet
Wu Jian
Xom
Zin
The Shining One

Shops:
D:8 *


Message History

You shoot a stone. The stone hits the faun!
The faun is moderately wounded.
The faun hits you.
* * * LOW HITPOINT WARNING * * *
The faun hits you!
* * * LOW HITPOINT WARNING * * *
Fire: 126 stones
Press: ? - help, Q - select action, (/) - cycle Shift-Dir - straight line, f/p - faun
Aim: a faun (moderately wounded, 70% to hit)
You shoot a stone. The stone hits the faun.
The faun is heavily wounded.
You feel like a meek peon again. The faun hits you but does no damage.
Fire: 125 stones
Press: ? - help, Q - select action, (/) - cycle Shift-Dir - straight line, f/p - faun
Aim: a faun (heavily wounded, 66% to hit)
You shoot a stone. The stone hits the faun!
The faun is heavily wounded.
The faun hits you!
You die...

#.#.#.#####.#.#.#
#.#...........#.#
#...............#
###.#.......#.###
#.#.......#.#
#.....[.....#
###.......#.#
#.......#c#
#.......#@#
######..#.#
#..#.#
######..#.#
##...##..#.#
####..........#
##....#...###.##
##..#.###..# #.#
##.##..###..###.#


You could see a faun.

Vanquished Creatures
  A steam dragon (D:8)
  A hornet zombie (D:7)
  An orc warrior (D:8)
  2 ice beasts
  3 sky beasts
  2 ogres
  A boggart (D:4)
  2 centaurs (D:6)
  3 big kobolds
  2 gnoll sergeants (D:6)
  A wyvern zombie (D:8)
  5 bullfrogs
  A water moccasin skeleton (D:6)
  5 killer bees
  5 wights (D:7)
  3 howler monkeys
  A jelly (D:7)
  5 orc priests
  A centaur skeleton (D:8)
  2 gnoll shamans (D:6)
  8 hounds
  An orc wizard (D:5)
  2 bullfrog skeletons
  4 iguanas
  6 worker ants
  A hound zombie (D:8)
  Robin (D:4)
  7 gnolls (D:6)
  9 adders
  4 white imps
  2 ufetubi
  4 adder zombies
  An adder skeleton (D:4)
  2 worms
  2 dart slugs
  5 leopard geckos
  11 orcs
  5 bats
  8 giant cockroaches
  15 hobgoblins
  18 jackals
  20 kobolds
  2 quokkas (D:5)
  3 ball pythons
  6 frilled lizards
  15 goblins
  6 rats
215 creatures vanquished.

Vanquished Creatures (others)
  37 plants
37 creatures vanquished.

Grand Total: 252 creatures vanquished

Notes
Turn   | Place    | Note
-------+----------+-------------------------------------------
     0 | D:1      | lunkers the Hill Orc Hunter began the quest for the Orb.
     0 | D:1      | Reached XP level 1. HP: 18/18 MP: 1/1
   290 | D:1      | Reached skill level 3 in Fighting
   290 | D:1      | Reached XP level 2. HP: 26/26 MP: 2/2
  1080 | D:2      | Reached XP level 3. HP: 22/31 MP: 3/3
  1428 | D:2      | Found a sparkling altar of Nemelex Xobeh.
  1848 | D:3      | Found a faded altar of an unknown god.
  1894 | D:3      | Reached skill level 4 in Fighting
  1894 | D:3      | Reached XP level 4. HP: 39/40 MP: 4/4
  2168 | D:3      | Found an ancient bone altar of Kikubaaqudgha.
  2168 | D:3      | Found a shimmering altar of Xom.
  2453 | D:4      | Reached XP level 5. HP: 39/47 MP: 5/5
  2661 | D:4      | Reached skill level 5 in Fighting
  2661 | D:4      | Reached skill level 5 in Throwing
  2732 | D:4      | Reached XP level 6. HP: 56/56 MP: 6/6
  2882 | D:4      | Noticed Robin
  2911 | D:4      | Killed Robin
  3344 | D:4      | Found a bloodstained altar of Trog.
  3643 | D:5      | Entered Level 5 of the Dungeon
  3929 | D:5      | Noticed a sky beast
  3935 | D:5      | Found a radiant altar of Vehumet.
  3957 | D:5      | Killed a sky beast
  3958 | D:5      | Reached skill level 6 in Fighting
  4113 | D:5      | Reached XP level 7. HP: 52/64 MP: 7/7
  4419 | D:5      | Reached skill level 7 in Fighting
  5283 | D:4      | Reached XP level 8. HP: 38/74 MP: 8/8
  5512 | D:6      | Reached skill level 8 in Fighting
  6224 | D:6      | Noticed a +0 dagger
  6224 | D:6      | Noticed a +0 dagger
  6225 | D:6      | Found a hide-covered altar of Uskayaw.
  6441 | D:6      | Reached skill level 9 in Fighting
  6910 | D:6      | Reached XP level 9. HP: 84/85 MP: 9/9
  7489 | D:6      | Reached skill level 10 in Fighting
  8588 | D:7      | Reached skill level 11 in Fighting
  9073 | D:7      | Found a staircase to the Ecumenical Temple.
  9080 | Temple   | Entered the Ecumenical Temple
  9288 | Temple   | Became a worshipper of Warmaster Okawaru
  9556 | D:8      | Found Nitij's Elemental Accessories.
  9861 | D:8      | Noticed a two-headed ogre
  9986 | D:8      | Reached XP level 10. HP: 97/97 MP: 10/10
 10035 | D:7      | Reached * piety under Okawaru
 10212 | D:8      | Reached skill level 12 in Fighting
 10212 | D:8      | Reached skill level 10 in Throwing
 10248 | D:7      | Noticed a faun
 10248 | D:7      | a two-headed ogre changed into a faun
 10250 | D:7      | HP: 4/97 [faun (9)]
 10252 | D:7      | Mangled by a faun

Illustrated notes

Levels and vault maps discovered:
D:1:      kilobyte_arrival_exit_the_forest, layout_loops_ring
D:2:      layout_rooms, nicolae_overflow_hidden_temple
D:3:      corexii_shack_village, layout_rooms,
          gammafunk_temple_overflow_elements,
          chequers_ecumenical_altar_simple_redux, grunt_ministairs_6
D:4:      layout_cave_pods, lemuel_coloured_pillars_altar, serial_park,
          serial_park_fountain, serial_park_gazebo
          [serial_park_minivault_5x5_8], hangedman_decor_peaks_small, uniq_robin
D:5:      layout_rooms, old_standard_altar, chequers_decorated_corner
D:6:      kennysheep_housing_project, layout_layer_cave, dancing_weapons_uskayaw
D:7:      layout_loops_ring, minmay_temple_entry_wispy
D:8:      layout_rooms, minmay_overflow_temple_star_quad, david_lair_shrubbed,
          nicolae_elemental_shop
Temple:   minmay_temple_bridge_abc

Skill      XL: |  1  2  3  4  5  6  7  8  9 10 |
---------------+-------------------------------+-----
Fighting       | 3 4 5 6 7 9 11 12 | 12.0
Throwing       | 4 5 6 8 9 10 | 10.0
Dodging        | |  1.5
Stealth        | |  0.7

Action                   |  1- 3 |  4- 6 |  7- 9 | 10-12 || total
-------------------------+-------+-------+-------+-------++-------
Melee: Short sword       |    68 |       |       |       ||    68
 Fire: Hunting sling     |    56 |   288 |   856 |    68 ||  1268
Throw: Dart              |    24 |       |       |       ||    24
       Javelin           |     2 |       |       |       ||     2
Invok: Heroism           |       |       |       |     2 ||     2
Evoke: Wand              |       |       |     2 |     6 ||     8
  Use: Scroll            |     1 |     1 |     8 |       ||    10
       Potion            |       |       |     1 |       ||     1
 Stab: Sleeping          |     1 |       |       |       ||     1
Armor: Leather armour    |    13 |     7 |       |       ||    20
       Chain mail        |       |    52 |   206 |    19 ||   277
Dodge: Dodged            |    57 |   204 |   482 |    51 ||   794

Table legend: (Time is in decaauts)
 A = Elapsed time spent in this place.
 B = Non-inter-level travel time spent in this place.
 C = Inter-level travel time spent in this place.
 D = Time resting spent in this place.
 E = Time spent auto-exploring this place.
 F = Levels seen in this place.
 G = Mean time per level.
                   A        B        C        D        E       F      G
               +--------+--------+--------+--------+--------+-----+--------+
         Total |  10231 |   9969 |    262 |    674 |   6787 |   9 | 1136.8 |
       Dungeon |   9993 |   9731 |    262 |    674 |   6595 |   8 | 1249.1 |
        Temple |    238 |    238 |      0 |      0 |    192 |   1 |  238.0 |
               +--------+--------+--------+--------+--------+-----+--------+

Top non-repeatable levels by time:
     D:6: 2354 daAuts
     D:4: 1761 daAuts
     D:7: 1656 daAuts
     D:5: 1216 daAuts
     D:1: 1151 daAuts
     D:3: 712 daAuts
     D:2: 596 daAuts
     D:8: 544 daAuts
  Temple: 238 daAuts
